 Dungeon Crawl Stone Soup version 0.28-a0-1613-gdaab1c2f9b (webtiles) character file.

Game seed: 7587984480223495594

1068 issech the Ducker (level 8, -6/78 HPs)
             Began as a Troll Fighter on Jan 21, 2022.
             Killed from afar by an orc wizard (13 damage)
             ... with a puff of flame
             ... on level 4 of the Dungeon.
             The game lasted 00:22:46 (3989 turns).

issech the Ducker (Troll Fighter)                   Turns: 3989, Time: 00:22:46

Health: -6/78      AC:  4    Str: 25    XL:     8   Next: 7%
Magic:  7/7        EV: 10    Int:  4    God:
Gold:   166        SH:  8    Dex: 11    Spells: 7/7 levels left

rFire   . . .      SeeInvis .   x - +0 whip (drain)
rCold   . . .      Faith    .   c - +0 kite shield
rNeg    . . .      Spirit   .   b - +0 robe
rPois   .          Reflect  .   (helmet restricted)
rElec   .          Harm     .   (no cloak)
rCorr   .          Rampage  .   (gloves unavailable)
Will    .....                   (boots unavailable)
Stlth   +.........              (no amulet)
HPRegen 1.03/turn               (no ring)
MPRegen 0.10/turn               (no ring)

@: no status effects
A: large, unfitting armour, claws 3, regeneration 1, shaggy fur 1, tough skin 1
a: no special abilities


You were on level 4 of the Dungeon.
You visited 1 branch of the dungeon, and saw 5 of its levels.

You collected 166 gold pieces.

Inventory:

Hand Weapons
 a - a +0 flail
 h - a +0 whip
 i - a +2 dagger of draining
 j - a +0 mace
 q - a +1 mace
 s - a +0 scythe
 x - a +0 whip of draining (weapon)
Missiles
 g - 131 stones (quivered)
 o - 46 sling bullets
 u - 59 arrows
 w - 11 bolts
 y - 6 poisoned darts
Armour
 b - a +0 robe (worn)
 c - a +0 kite shield (worn)
 r - a +1 ring mail of cold resistance
Scrolls
 m - 3 scrolls of amnesia
 n - 2 scrolls of fear
 t - 2 scrolls of teleportation
 z - a scroll of enchant weapon
 A - 2 scrolls of identify
Potions
 d - a potion of might
 e - 2 potions of brilliance
 f - a potion of heal wounds
 k - 2 potions of curing {unknown}
 l - 2 potions of degeneration
 p - a potion of berserk rage {unknown}
 v - a potion of haste {unknown}


   Skills:
 + Level 4.0 Fighting
 + Level 2.9 Short Blades
 + Level 2.9 Maces & Flails
 + Level 4.9 Dodging
 + Level 0.9 Stealth
 + Level 4.4 Shields


You had 7 spell levels left.
You didn't know any spells.
Your spell library contained the following spells:

 Spells                   Type           Power      Damage    Failure   Level
 Freeze                   Ice            0%         1d3       78%         1
 Ensorcelled Hibernation  Hex/Ice        0%         N/A       89%         2
 Passwall                 Tmut/Erth      0%         N/A       89%         2
 Frozen Ramparts          Ice            0%         1d2       98%         3
 Swiftness                Air            0%         N/A       98%         3
 Hailstorm                Conj/Ice       0%         3d3       100%        4


Dungeon Overview and Level Annotations

Branches:
Dungeon (5/15)
 Temple: D:4-7

Altars:

Shops:
D:2 (:(

Annotations:
D:5 3 runed translucent doors, a3don's ghost, novice GrFi; issech's ghost, novice TrFi; mordus's ghost, novice FoFi; sirJeffrey23's ghost, amateur HOMo


Innate Abilities, Weirdness & Mutations

You are too large for most types of armour.
You have claws for hands.
Your natural rate of healing is unusually fast.
You are covered in fur. (AC +1)
You have tough skin. (AC +1)


Message History

Something hits you but does no damage.
There is a stone staircase leading up here.
Something hits you.
* * * LOW HITPOINT WARNING * * *
The orc hits you but does no damage.
You climb upwards.
Reactivating autopickup.
There is a stone staircase leading down here.
Deactivating autopickup; reactivate with Ctrl-A.
You miss something. Something hits you.
* * * LOW HITPOINT WARNING * * *
The orc hits you with a +0 flail.
* * * LOW HITPOINT WARNING * * *
You hit something but do no damage. Something hits you.
* * * LOW HITPOINT WARNING * * *
The orc closely misses you. Something hits you but does no damage.
The orc closely misses you.
You closely miss something. Something hits you.
* * * LOW HITPOINT WARNING * * *
The orc misses you.
You hit something. Something hits you.
* * * LOW HITPOINT WARNING * * *
The orc closely misses you.
Unknown command.
You miss something.
You hear some strange, mumbled words.
Something tries to affect you, but you resist.
The orc misses you.
You barely miss something. Something hits you.
* * * LOW HITPOINT WARNING * * *
The orc hits you with a +0 flail.
* * * LOW HITPOINT WARNING * * *
You barely miss something. Something hits you.
* * * LOW HITPOINT WARNING * * *
You block the orc's attack.
You completely miss something.
You hear some strange, mumbled words.
A puff of flame appears from out of thin air!
The puff of flame hits you!
You die...

##...........###### ###.....
#.............##..### ##....>..
###..#.........#....###.......#
##.##.........#...###........#
##..###..............#.........
#.....#.......###.......###....
#.........##..# ##..#.### #..#.
##...#.......o## ##.#######.###
##.....##.##.@# #....#....###
##.........#.{.#####.......###.
#...##...........# ##.......>..
##..##...........# ##...##.##.
#..###...##.....####..........
##......######..#.............
#.<.##.....####...............
#...#......#.#..#....#........
###....##..#....#.##.#.......#


You could see an orc.

Vanquished Creatures
  The ghost of testman the Magician, an amateur DjWz of Gozag (D:3)
  Sigmund (D:2)
  The ghost of mcsnuffy the Conjurer, an amateur DECj (D:4)
  A necrophage (D:4)
  A phantom (D:4)
  3 scorpions
  A jelly (D:2)
  An orc priest (D:4)
  Jessica (D:3)
  An iguana (D:5)
  Terence (D:2)
  Natasha (thrice) (D:2)
  An orc wizard (D:5)
  An adder (D:2)
  2 worms (D:2)
  2 dart slugs
  An orc (D:4)
  5 bats
  5 endoplasms
  2 giant cockroaches
  4 goblins
  6 hobgoblins
  A jackal (D:1)
  2 quokkas
  4 ball pythons
  A frilled lizard (D:3)
  8 kobolds
  4 rats
65 creatures vanquished.

Vanquished Creatures (collateral kills)
  A hobgoblin (D:1)
  2 jackals (D:1)
  A frilled lizard (D:1)
  2 rats (D:1)
6 creatures vanquished.

Vanquished Creatures (others)
  3 plants (D:3)
  6 withered plants (D:4)
9 creatures vanquished.

Grand Total: 80 creatures vanquished

Notes
Turn   | Place    | Note
-------+----------+-------------------------------------------
     0 | D:1      | issech the Troll Fighter began the quest for the Orb.
     0 | D:1      | Reached XP level 1. HP: 22/22 MP: 0/0
    72 | D:1      | Found a faded altar of an unknown god.
   126 | D:1      | Reached XP level 2. HP: 28/29 MP: 1/1
   511 | D:1      | Reached XP level 3. HP: 35/36 MP: 2/2
   781 | D:2      | Noticed Natasha
   790 | D:2      | Killed Natasha
   908 | D:2      | Found Teodwah's Book Emporium.
   939 | D:2      | Found Tecsoino's Weapon Emporium.
   951 | D:2      | Reached XP level 4. HP: 44/44 MP: 3/3
  1013 | D:2      | Noticed Natasha
  1025 | D:2      | Killed Natasha
  1026 | D:2      | Reached skill level 1 in Short Blades
  1044 | D:2      | Noticed Natasha
  1060 | D:2      | Killed Natasha
  1076 | D:2      | Noticed Terence
  1088 | D:2      | Killed Terence
  1089 | D:2      | Reached XP level 5. HP: 40/53 MP: 4/4
  1169 | D:2      | Noticed Sigmund
  1178 | D:2      | Killed Sigmund
  1179 | D:2      | Reached XP level 6. HP: 54/61 MP: 5/5
  1485 | D:2      | Found Tistyir's Antique Weapon Shop.
  1639 | D:3      | Noticed Jessica
  1651 | D:3      | Killed Jessica
  2853 | D:4      | Found a runed translucent gate.
  2857 | D:4      | Reached XP level 7. HP: 65/67 MP: 6/6
  2859 | D:4      | Found a runed translucent gate.
  2860 | D:4      | Found a runed translucent gate.
  2861 | D:4      | Noticed mcsnuffy's ghost (amateur DECj)
  2862 | D:4      | Noticed testman's ghost (amateur DjWz)
  3570 | D:4      | Killed mcsnuffy's ghost
  3673 | D:3      | Killed testman's ghost
  3756 | D:5      | Entered Level 5 of the Dungeon
  3828 | D:5      | Found a runed translucent gate.
  3828 | D:5      | Found a runed translucent gate.
  3829 | D:5      | Found a runed translucent gate.
  3830 | D:5      | Noticed sirJeffrey23's ghost (amateur HOMo)
  3830 | D:5      | Noticed mordus's ghost (novice FoFi)
  3831 | D:5      | Noticed issech's ghost (novice TrFi)
  3831 | D:5      | Noticed a3don's ghost (novice GrFi)
  3926 | D:4      | Reached XP level 8. HP: 43/78 MP: 7/7
  3989 | D:4      | Killed from afar by an orc wizard

Illustrated notes

Levels and vault maps discovered:
D:1:      sevenhm_arrival_forest_fort_large_2, layout_rooms,
          hellmonk_ecumenical_altar_crossroads, st_stairs_7,
          chequers_serial_rivers_room_b
D:2:      layout_basic, serial_shops, nicolae_square_shop,
          nicolae_shop_waterfront, nicolae_shop_bloodbath_and_beyond,
          uniq_terence, uniq_sigmund, uniq_natasha
D:3:      layout_basic, serial_park_tiny_1, chequers_big_river,
          corexii_hall_statues_deadend, chequers_serial_rivers_small_b,
          kennysheep_jessica_study
D:4:      layout_cave_pools, gammafunk_ghost_cemetery
D:5:      layout_rooms, gammafunk_ghost_cemetery, uniq_grinder

Skill      XL: |  1  2  3  4  5  6  7 |
---------------+----------------------+-----
Maces & Flails | 2 |  2.9
Dodging        | 3 4 |  4.9
Short Blades   | 1 2 |  2.9
Shields        | 3 4 |  4.4
Fighting       | 3 4 |  4.0
Stealth        | |  0.9

Action                   |  1- 3 |  4- 6 |  7- 9 || total
-------------------------+-------+-------+-------++-------
Melee: Flail             |    20 |       |       ||    20
       Dagger            |    88 |   104 |       ||   192
       Whip              |       |    17 |   106 ||   123
  Use: Scroll            |     2 |     8 |     1 ||    11
       Potion            |       |       |     2 ||     2
 Stab: Sleeping          |     1 |       |       ||     1
Armor: Robe              |    54 |    31 |    41 ||   126
       Skin              |       |       |     9 ||     9
Dodge: Dodged            |    52 |    40 |    44 ||   136
Block: Kite shield       |    45 |    55 |    42 ||   142

Table legend: (Time is in decaauts)
 A = Elapsed time spent in this place.
 B = Non-inter-level travel time spent in this place.
 C = Inter-level travel time spent in this place.
 D = Time resting spent in this place.
 E = Time spent auto-exploring this place.
 F = Levels seen in this place.
 G = Mean time per level.
                   A        B        C        D        E       F      G
               +--------+--------+--------+--------+--------+-----+--------+
         Total |   4070 |   3734 |    336 |    133 |   2006 |   5 |  814.0 |
       Dungeon |   4070 |   3734 |    336 |    133 |   2006 |   5 |  814.0 |
               +--------+--------+--------+--------+--------+-----+--------+

Top non-repeatable levels by time:
     D:3: 1471 daAuts
     D:2: 869 daAuts
     D:4: 844 daAuts
     D:1: 709 daAuts
     D:5: 175 daAuts
